[Event "ICC Open 2015"]
[Site "Internet Chess Club"]
[Date "2015.05.29"]
[Round "3"]
[White "JrTorres"]
[Black "noyb"]
[Result "1-0"]
[ICCResult "Black resigns"]
[WhiteElo "1699"]
[BlackElo "1715"]
[Opening "Queen's pawn"]
[ECO "A40"]
[NIC "QO.17"]
[Time "19:35:18"]
[TimeControl "180+0"]

1. d4 c6 2. e3 d5 3. f4 Nf6 4. Nf3 Bg4 5. Bd3 e6 6. O-O Nbd7 7. Nbd2 Be7 8.
c3 O-O 9. Qe1 c5 10. Ne5 Bf5 11. Qe2 Bxd3 12. Qxd3 Qc7 13. Rf3 Ne8 14. Rh3
f5 15. g4 g6 16. Ndf3 Nef6 17. Ng5 Nxe5 18. fxe5 Nxg4 19. Nxe6 Qd7 20. Nxf8
Rxf8 21. Rg3 Qe6 22. h3 Nh6 23. Bd2 Kh8 24. Rf1 a6 25. Qe2 b5 26. e4 dxe4
27. Bxh6 Rd8 28. Be3 cxd4 29. Bxd4 b4 30. Rg2 bxc3 31. bxc3 Bf8 32. Qb2 Bg7
33. Qb3 Qe7 34. e6 Bxd4+ 35. cxd4 Kg7 36. d5 Qc5+ 37. Kh1 Rxd5 38. Rc2 Qe7
39. Qxd5 {Black resigns} 1-0

[Event "ICC Open 2015"]
[Site "Internet Chess Club"]
[Date "2015.05.29"]
[Round "3"]
[White "iamGodskid"]
[Black "Capaman"]
[Result "0-1"]
[ICCResult "White resigns"]
[WhiteElo "1446"]
[BlackElo "2014"]
[Opening "Mieses opening"]
[ECO "A00"]
[NIC "VO.13"]
[Time "19:35:32"]
[TimeControl "180+0"]

1. d3 d5 2. g3 e5 3. Bg2 c5 4. Nf3 Nc6 5. Nc3 f6 6. O-O Be6 7. e4 d4 8. Nd5
Nge7 9. c4 dxc3 10. Nxc3 Qd7 11. Qe1 Ng6 12. Nh4 Nxh4 13. gxh4 Be7 14. f4
O-O 15. f5 Bf7 16. Nd5 Nb4 17. Nxe7+ Qxe7 18. Qg3 Kh8 19. Bd2 Rfd8 20. Bxb4
cxb4 21. Rad1 Rac8 22. b3 Rc3 23. Qg4 Qe8 24. Qg3 Bh5 25. Kh1 Bxd1 26. Rxd1
Qb5 27. Rg1 Qxd3 28. Bf3 Qxf3+ 29. Qxf3 Rxf3 {White resigns} 0-1

[Event "ICC Open 2015"]
[Site "Internet Chess Club"]
[Date "2015.05.29"]
[Round "3"]
[White "aplusk"]
[Black "ChessNakas"]
[Result "1-0"]
[ICCResult "Black resigns"]
[WhiteElo "2818"]
[BlackElo "2119"]
[Opening "French: Paulsen variation"]
[ECO "C10"]
[NIC "FR.04"]
[Time "19:35:02"]
[TimeControl "180+0"]

1. d4 e6 2. Nc3 d5 3. e4 Nc6 4. Nf3 Nf6 5. Bd3 Bb4 6. exd5 exd5 7. Qe2+ Be6
8. Bg5 O-O 9. O-O h6 10. Bh4 Re8 11. a3 Bg4 12. Qd1 Bxf3 13. Qxf3 Nxd4 14.
Qf4 Ne6 15. Qxb4 c5 16. Qxb7 Rb8 17. Qxa7 Rxb2 18. Bxf6 Qxf6 19. Nxd5 Qg5
20. Ne3 Nf4 21. Be4 Rbb8 22. Bf3 Nh3+ 23. Kh1 Nxf2+ 24. Rxf2 Qxe3 25. Rff1
Qc3 26. h3 Rf8 27. Bd5 Qxc2 28. Rac1 Qg6 29. Bxf7+ Rxf7 30. Qxb8+ Kh7 31.
Rxf7 Qxf7 32. Qb1+ {Black resigns} 1-0

[Event "ICC Open 2015"]
[Site "Internet Chess Club"]
[Date "2015.05.29"]
[Round "3"]
[White "rookfish"]
[Black "ehkopean"]
[Result "0-1"]
[ICCResult "White forfeits on time"]
[WhiteElo "1065"]
[BlackElo "1671"]
[Opening "Caro-Kann defense"]
[ECO "B10"]
[NIC "CK.01"]
[Time "19:35:00"]
[TimeControl "180+0"]

1. e4 c6 2. Nf3 d5 3. exd5 cxd5 4. d4 Nf6 5. Bd3 Nc6 6. O-O Bg4 7. Re1 e6 8.
Bf4 Bd6 9. Nbd2 Bxf4 10. h3 Bxf3 11. gxf3 Qc7 12. Bb5 O-O-O 13. Kg2 Nxd4 14.
Ba4 Nc6 15. Nb3 Nh5 16. Nc5 Bd6 17. b4 Nxb4 18. Nb3 Nf4+ 19. Kf1 Nxh3 20.
Ke2 Nf4+ 21. Kd2 Kb8 22. Re3 Ng2 23. Rc3 Bf4+ 24. Ke2 Qxc3 25. Nd2 Nh4 26.
Rb1 Bxd2 27. Qxd2 Qxf3+ 28. Kf1 Qg2+ {White forfeits on time} 0-1

[Event "ICC Open 2015"]
[Site "Internet Chess Club"]
[Date "2015.05.29"]
[Round "3"]
[White "ILYMJPDL"]
[Black "hamballe"]
[Result "1-0"]
[ICCResult "Black resigns"]
[WhiteElo "1976"]
[BlackElo "1452"]
[Opening "Sicilian: accelerated fianchetto, exchange variation"]
[ECO "B34"]
[NIC "SI.33"]
[Time "19:35:55"]
[TimeControl "180+0"]

1. e4 c5 2. Nf3 Nc6 3. d4 cxd4 4. Nxd4 g6 5. Nxc6 bxc6 6. Qd4 Nf6 7. e5 Nd5
8. e6 f6 9. exd7+ Bxd7 10. Bc4 Qb6 11. Qxb6 Nxb6 12. Bb3 e5 13. O-O Ke7 14.
Nc3 Be6 15. Be3 Bg7 16. Rad1 Rhd8 17. Bc5+ Kf7 18. Ne4 Bxb3 19. axb3 Ke6 20.
h3 Bf8 21. Be3 f5 22. Ng5+ Ke7 23. Nxh7 Bg7 24. Bg5+ Ke8 25. Bxd8 Rxd8 26.
Ng5 Ke7 27. Rxd8 Kxd8 28. Ne6+ {Black resigns} 1-0

[Event "ICC Open 2015"]
[Site "Internet Chess Club"]
[Date "2015.05.29"]
[Round "3"]
[White "olimpioMD"]
[Black "Willy809"]
[Result "0-1"]
[ICCResult "White resigns"]
[WhiteElo "1416"]
[BlackElo "1702"]
[Opening "Sicilian: Najdorf"]
[ECO "B90"]
[NIC "SI.14"]
[Time "19:35:32"]
[TimeControl "180+0"]

1. e4 c5 2. d4 cxd4 3. Nf3 d6 4. Nxd4 Nf6 5. Nc3 a6 6. Bd3 g6 7. Bg5 Bg7 8.
h4 h6 9. Be3 Ng4 10. Bf4 e5 11. Nc6 Nxc6 12. Bg3 h5 13. Be2 Nd4 14. Bf3 Be6
15. Ne2 Nxf3+ 16. gxf3 Nf6 17. Nc3 Bh6 18. Nd5 Nxd5 19. exd5 Bf5 20. c3 Rc8
21. Qa4+ Qd7 22. Qb3 Rc5 23. O-O Qb5 24. Qa3 Qe2 25. Rae1 Qxf3 26. Qa4+ Ke7
27. Qb4 Rb5 28. Qc4 Rc8 29. Qa4 Bh3 30. Qe4 Qxe4 31. Rxe4 Rxb2 32. Rc1 Bxc1
33. Bxe5 dxe5 34. Rxe5+ Kf8 35. d6 Rxc3 36. d7 Rd3 37. Re8+ Kg7 38. d8=Q
Rxd8 39. Rxd8 Rd2 40. Rc8 Rd1+ 41. Kh2 Bxc8 {White resigns} 0-1

[Event "ICC Open 2015"]
[Site "Internet Chess Club"]
[Date "2015.05.29"]
[Round "3"]
[White "waynehatcher"]
[Black "Muad-dib"]
[Result "1-0"]
[ICCResult "Black checkmated"]
[WhiteElo "1741"]
[BlackElo "2129"]
[Opening "Réti opening"]
[ECO "A30"]
[NIC "QP.10"]
[Time "19:35:12"]
[TimeControl "180+0"]

1. Nf3 c5 2. c4 d6 3. g3 Nf6 4. Bg2 Nc6 5. O-O Bf5 6. Nc3 g6 7. d3 Bg7 8. e4
Bg4 9. h3 Bc8 10. Nd5 h6 11. Rb1 e6 12. Nxf6+ Qxf6 13. a3 O-O 14. b4 b6 15.
b5 Nd4 16. e5 Nxf3+ 17. Bxf3 Qxe5 18. Bxa8 d5 19. Re1 Qf5 20. Kg2 e5 21. g4
Qf6 22. Bxd5 h5 23. Qf3 Qh4 24. Qg3 Qf6 25. f4 exf4 26. Bxf4 h4 27. Qf3 Qc3
28. Re2 Qxa3 29. Rbe1 a6 30. Bd6 Rd8 31. Qxf7+ Kh7 32. Bh2 Rf8 33. Qe7 axb5
34. Qxh4+ Bh6 35. g5 Qxd3 36. Qxh6# {Black checkmated} 1-0

[Event "ICC Open 2015"]
[Site "Internet Chess Club"]
[Date "2015.05.29"]
[Round "3"]
[White "playwaycool"]
[Black "bythebook"]
[Result "1-0"]
[ICCResult "Black forfeits on time"]
[WhiteElo "2265"]
[BlackElo "1715"]
[Opening "Trompowsky attack (Ruth, Opocenský opening)"]
[ECO "A45"]
[NIC "QP.07"]
[Time "19:35:24"]
[TimeControl "180+0"]

1. d4 Nf6 2. Bg5 g6 3. Bxf6 exf6 4. e3 Bg7 5. Ne2 d6 6. h4 h5 7. Nf4 f5 8.
Bc4 Nd7 9. c3 c6 10. Nd2 d5 11. Bb3 Nf6 12. c4 O-O 13. cxd5 cxd5 14. Qf3 Be6
15. O-O Ne4 16. Nxe4 dxe4 17. Nxe6 exf3 18. Nxd8 Rfxd8 19. g3 Rac8 20. Rfc1
Kf8 21. Bd1 b6 22. Bxf3 Ke7 23. Kf1 Bf6 24. Ke2 Kd6 25. b4 Bg7 26. b5 Bf6
27. a4 Be7 28. Kd3 f6 29. Rc6+ Rxc6 30. Bxc6 Rc8 31. Rc1 Rc7 32. f3 Bd8 33.
e4 fxe4+ 34. fxe4 Ke7 35. d5 Kd6 36. Kd4 Be7 37. Rf1 Bd8 38. Kd3 Be7 39. g4
{Black forfeits on time}
1-0

[Event "ICC Open 2015"]
[Site "Internet Chess Club"]
[Date "2015.05.29"]
[Round "3"]
[White "Knight83"]
[Black "holderlin"]
[Result "0-1"]
[ICCResult "White checkmated"]
[WhiteElo "1318"]
[BlackElo "1616"]
[Opening "St. George (Baker) defense"]
[ECO "B00"]
[NIC "VO.17"]
[Time "19:34:56"]
[TimeControl "180+0"]

1. e4 a6 2. Nc3 b6 3. g3 Bb7 4. Bg2 h6 5. d3 e5 6. Nge2 Nf6 7. O-O d6 8. h3
Nbd7 9. Be3 Be7 10. Qd2 c5 11. f4 exf4 12. gxf4 O-O 13. Ng3 Ne8 14. f5 Bh4
15. Nge2 Ne5 16. Bxh6 gxh6 17. Qxh6 Qg5 18. Qxg5+ Bxg5 19. Ng3 Be3+ 20. Kh1
Nf6 21. a4 Kh8 22. Nce2 Rg8 23. Kh2 Rg5 24. Bf3 Rag8 25. Nh1 Nxf3+ 26. Rxf3
Rg2# {White checkmated} 0-1

[Event "ICC Open 2015"]
[Site "Internet Chess Club"]
[Date "2015.05.29"]
[Round "3"]
[White "Talion"]
[Black "ShadowLike"]
[Result "1-0"]
[ICCResult "Black forfeits on time"]
[WhiteElo "2892"]
[BlackElo "2305"]
[Opening "Queen's pawn: London system"]
[ECO "A45"]
[NIC "QP.07"]
[Time "19:35:15"]
[TimeControl "180+0"]

1. d4 Nf6 2. Bf4 e6 3. e3 c5 4. c3 Be7 5. Nd2 O-O 6. h3 d6 7. Ngf3 Nc6 8.
Bh2 Re8 9. Be2 Bf8 10. O-O Qb6 11. Qb3 e5 12. dxe5 dxe5 13. e4 Qc7 14. Rfe1
b6 15. a4 Bb7 16. Qa2 h6 17. Bc4 Bd6 18. Rad1 Na5 19. Bb5 Re7 20. Nh4 g6 21.
Nxg6 Kh7 22. Nxe7 Qxe7 23. Nc4 Nxc4 24. Bxc4 Rg8 25. Bxf7 Rg7 26. Be6 Bxe4
27. Rxe4 Nxe4 28. Bf5+ Kh8 29. Bxe4 Bc7 30. Qd5 Qg5 31. Bg3 h5 32. h4 Qg4
33. Bf3 Qg6 34. Bxe5 Bxe5 35. Qxe5 {Black forfeits on time} 1-0

[Event "ICC Open 2015"]
[Site "Internet Chess Club"]
[Date "2015.05.29"]
[Round "3"]
[White "Snooze"]
[Black "maly"]
[Result "0-1"]
[ICCResult "White checkmated"]
[WhiteElo "1908"]
[BlackElo "2618"]
[Opening "Caro-Kann: classical, 6.h4"]
[ECO "B18"]
[NIC "CK.11"]
[Time "19:34:59"]
[TimeControl "180+0"]

1. e4 c6 2. d4 d5 3. Nd2 dxe4 4. Nxe4 Bf5 5. Ng3 Bg6 6. h4 h6 7. Nh3 e6 8.
Nf4 Bh7 9. Bc4 Nf6 10. O-O Bd6 11. Nfh5 O-O 12. Bf4 Nxh5 13. Nxh5 Bxf4 14.
Nxf4 Qxh4 15. g3 Qf6 16. c3 Nd7 17. Re1 e5 18. Nh5 Qf5 19. d5 Nb6 20. Bb3
Nxd5 21. g4 Qe6 22. f4 e4 23. f5 Qe5 24. Qe2 Rfe8 25. Rad1 Rad8 26. Rd4 Nf4
27. Nxf4 Rxd4 28. cxd4 Qxf4 29. Qc4 Qxg4+ 30. Kf1 Qxf5+ 31. Ke2 e3 32. Rf1
Qg4+ 33. Ke1 Qg3+ 34. Ke2 Qg2+ 35. Ke1 Qd2# {White checkmated} 0-1

[Event "ICC Open 2015"]
[Site "Internet Chess Club"]
[Date "2015.05.29"]
[Round "3"]
[White "jonesey"]
[Black "delerio"]
[Result "0-1"]
[ICCResult "White resigns"]
[WhiteElo "1937"]
[BlackElo "2629"]
[Opening "Scotch gambit: Dubois-Réti defense"]
[ECO "C55"]
[NIC "KP.02"]
[Time "19:36:33"]
[TimeControl "180+0"]

1. e4 e5 2. Nf3 Nc6 3. Bc4 Nf6 4. d4 exd4 5. e5 Ne4 6. Bd5 Nc5 7. O-O Be7 8.
Re1 O-O 9. Nxd4 Nxd4 10. Qxd4 d6 11. Nc3 dxe5 12. Qxe5 Bd6 13. Qh5 Ne6 14.
Be3 Nf4 15. Bxf4 Bxf4 16. Rad1 Qf6 17. Ne4 Qxb2 18. c3 Qb6 19. g3 Bh6 20.
Nf6+ Qxf6 {White resigns} 0-1

[Event "ICC Open 2015"]
[Site "Internet Chess Club"]
[Date "2015.05.29"]
[Round "3"]
[White "brauliocuarta"]
[Black "FlyAway"]
[Result "0-1"]
[ICCResult "White forfeits on time"]
[WhiteElo "2127"]
[BlackElo "2903"]
[Opening "King's Indian: Four pawns attack"]
[ECO "A68"]
[NIC "KI.57"]
[Time "19:34:47"]
[TimeControl "180+0"]

1. d4 Nf6 2. c4 g6 3. Nc3 c5 4. d5 Bg7 5. e4 O-O 6. f4 d6 7. Nf3 e6 8. Be2
exd5 9. cxd5 Nbd7 10. O-O Re8 11. e5 dxe5 12. Nxe5 Nxe5 13. fxe5 Rxe5 14.
Bf4 Rf5 15. Bd3 Rxd5 16. Nxd5 Nxd5 17. Bc4 Be6 18. Qe2 Qd7 19. Be5 Bh6 20.
Rad1 Qc6 21. Rf3 Rf8 22. Qe4 Ne3 23. Rxe3 Bxe3+ 24. Qxe3 Bxc4 25. Qh6 f6 26.
Bc3 Qe6 27. Re1 Qf7 28. Qh4 Bxa2 29. b4 b6 30. bxc5 bxc5 31. Qa4 Bd5 32. Qh4
g5 33. Qg3 h6 34. Rf1 Qe7 35. Qf2 Qe4 {White forfeits on time} 0-1

[Event "ICC Open 2015"]
[Site "Internet Chess Club"]
[Date "2015.05.29"]
[Round "3"]
[White "truufseir"]
[Black "eltigrecu"]
[Result "0-1"]
[ICCResult "White checkmated"]
[WhiteElo "1537"]
[BlackElo "2062"]
[Opening "Sicilian: Pelikan, Chelyabinsk variation"]
[ECO "B33"]
[NIC "SI.37"]
[Time "19:34:51"]
[TimeControl "180+0"]

1. e4 c5 2. Nf3 Nc6 3. d4 cxd4 4. Nxd4 Nf6 5. Nc3 e5 6. Ndb5 d6 7. Bg5 a6 8.
Na3 b5 9. Nd5 Be7 10. Nxe7 Nxe7 11. f3 Bb7 12. Qd2 d5 13. Bxf6 gxf6 14.
O-O-O dxe4 15. Qh6 Qb6 16. Qg7 Rg8 17. Qxh7 exf3 18. Bd3 fxg2 19. Rhg1 Bd5
20. Kb1 O-O-O 21. Bf5+ Nxf5 22. Qxf5+ Be6 23. Qf3 Rxd1+ 24. Qxd1 Qe3 25. c3
Bf5+ 26. Ka1 Be4 27. h4 Rd8 28. Qe1 Qxe1+ 29. Rxe1 f5 30. Nb1 Rh8 31. Nd2
Rxh4 32. Nxe4 Rxe4 33. Rg1 f4 34. Kb1 f3 35. Kc2 Re2+ 36. Kd3 e4+ 37. Kd4 f5
38. a4 bxa4 39. c4 f2 40. Rxg2 f1=Q 41. Rxe2 Qxe2 42. Ke5 Qxc4 43. Kxf5 e3
44. Ke5 e2 45. b3 axb3 46. Kf5 b2 47. Ke5 a5 48. Kf5 a4 49. Ke5 a3 50. Kf5
a2 51. Ke5 a1=Q 52. Kf5 b1=Q+ 53. Kg5 Qg7+ 54. Kh5 Qh4+ 55. Kxh4 e1=Q+ 56.
Kh3 Qd3+ 57. Kh2 Qg2+ 58. Kxg2 Qdg3# {White checkmated} 0-1

[Event "ICC Open 2015"]
[Site "Internet Chess Club"]
[Date "2015.05.29"]
[Round "3"]
[White "KM-SKOCB"]
[Black "SCORPION83"]
[Result "1-0"]
[ICCResult "Black resigns"]
[WhiteElo "2676"]
[BlackElo "3124"]
[Opening "Pirc: Ufimtsev-Pytel variation"]
[ECO "B07"]
[NIC "PU.08"]
[Time "19:34:39"]
[TimeControl "180+0"]

1. e4 d6 2. d4 Nf6 3. Nc3 c6 4. Nf3 Bg4 5. Be3 e6 6. h3 Bh5 7. g4 Bg6 8. Bd3
d5 9. e5 Nfd7 10. Ne2 c5 11. c3 Nc6 12. Nf4 cxd4 13. cxd4 Bxd3 14. Qxd3 Rc8
15. a3 Qa5+ 16. Kf1 Qa6 17. Qxa6 bxa6 18. Ke2 Nb6 19. Rhc1 Be7 20. b3 Kd7
21. Nd3 Na5 22. Nd2 Rc3 23. Rxc3 h5 24. Nc5+ Bxc5 25. dxc5 Nc8 26. b4 Nc6
27. Nf3 N8e7 28. Rb1 hxg4 29. hxg4 Rb8 30. Rcb3 f6 31. exf6 gxf6 32. a4 e5
33. b5 Na5 34. Rb4 d4 35. Bxd4 Nd5 36. Bxe5 fxe5 37. Nxe5+ Ke6 38. Nd3 Nc3+
39. Ke3 Nd5+ 40. Ke4 Nc3+ 41. Kf3 Nxb1 42. Rxb1 Nc4 43. Re1+ Kd5 44. c6 axb5
45. axb5 Rxb5 46. c7 Nd6 47. Re5+ Kc6 48. Rxb5 Kxb5 49. g5 Kc6 50. g6 Kxc7
51. g7 a5 52. g8=Q a4 53. Qa8 a3 54. Qxa3 {Black resigns} 1-0

[Event "ICC Open 2015"]
[Site "Internet Chess Club"]
[Date "2015.05.29"]
[Round "3"]
[White "Parsifal"]
[Black "nikenwidiartto"]
[Result "1-0"]
[ICCResult "Black resigns"]
[WhiteElo "2419"]
[BlackElo "1837"]
[Opening "Levitsky attack (Queen's bishop attack)"]
[ECO "D00"]
[NIC "QP.08"]
[Time "19:36:02"]
[TimeControl "180+0"]

1. d4 d5 2. Bg5 h6 3. Bh4 c6 4. Nc3 Qb6 5. Rb1 Bf5 6. e3 e6 7. Bd3 Bxd3 8.
cxd3 Be7 9. Bg3 Nf6 10. Nf3 Nbd7 11. O-O O-O 12. b4 a6 13. Na4 Qd8 14. Qc2
Nh5 15. Be5 f6 16. Bg3 Nxg3 17. hxg3 e5 18. e4 dxe4 19. dxe4 Nb6 20. dxe5
Nxa4 21. Qxa4 fxe5 22. Nxe5 Bd6 23. Qb3+ Kh8 24. Ng6+ Kh7 25. Nxf8+ Qxf8 26.
a3 Re8 27. Rbd1 Qf6 28. Qd3 Be5 29. f4 Bc7 30. e5+ Qg6 31. f5 Qg5 32. f6+ g6
33. Qd7+ {Black resigns} 1-0

[Event "ICC Open 2015"]
[Site "Internet Chess Club"]
[Date "2015.05.29"]
[Round "3"]
[White "JCarllsen"]
[Black "Ricardov"]
[Result "1-0"]
[ICCResult "Black checkmated"]
[WhiteElo "1846"]
[BlackElo "2328"]
[Opening "Two knights defense"]
[ECO "C56"]
[NIC "KP.02"]
[Time "19:35:34"]
[TimeControl "180+0"]

1. e4 e5 2. Nf3 Nc6 3. Bc4 Nf6 4. d4 exd4 5. O-O Nxe4 6. Re1 d5 7. Bxd5 Qxd5
8. Nc3 Qh5 9. Nxe4 Be6 10. Bg5 Bd6 11. Bf6 Bxh2+ 12. Nxh2 Qxd1 13. Raxd1
gxf6 14. Nxf6+ Kf8 15. Nf3 Rd8 16. Ng5 Kg7 17. Nxe6+ fxe6 18. Rxe6 Kf7 19.
Rde1 d3 20. cxd3 Rxd3 21. Ng4 h5 22. Nh6+ Kg7 23. Nf5+ Kf7 24. Nh6+ Kf8 25.
Rf6+ Kg7 26. Ree6 Nd8 27. Rg6+ Kf8 28. Rgf6+ Kg7 29. Rg6+ Kh7 30. Ref6 Rd1+
31. Kh2 Rd6 32. Nf5 Rxf6 33. Rg7# {Black checkmated} 1-0

[Event "ICC Open 2015"]
[Site "Internet Chess Club"]
[Date "2015.05.29"]
[Round "3"]
[White "Shafkat"]
[Black "cap78red"]
[Result "0-1"]
[ICCResult "White resigns"]
[WhiteElo "1593"]
[BlackElo "1368"]
[Opening "Alekhine's defense: modern, fianchetto variation"]
[ECO "B04"]
[NIC "AL.04"]
[Time "19:35:18"]
[TimeControl "180+0"]

1. e4 Nf6 2. e5 Nd5 3. d4 d6 4. Nf3 g6 5. exd6 cxd6 6. c4 Nb6 7. Be3 Bg7 8.
Nc3 O-O 9. Be2 Nc6 10. a3 Bg4 11. h3 Bxf3 12. Bxf3 e5 13. d5 Nd4 14. Bxd4
exd4 15. Nb5 Nxc4 16. Rb1 a6 17. Nxd4 Qb6 18. Ne2 Qa5+ 19. Kf1 Nd2+ 20. Kg1
Nxb1 21. Qxb1 Rac8 22. Kh2 Rc7 23. Re1 Re8 24. Rd1 Rce7 25. Nf4 Be5 26. g3
Bxf4 27. gxf4 Re1 28. b4 Rxd1 29. Qxd1 Qxa3 30. f5 Qxb4 31. f6 Qf4+ 32. Kg2
Qxf6 33. Qb3 Qg5+ 34. Kh2 Qd2 35. Qb6 Qf4+ 36. Kg2 Re5 37. Qxd6 Rg5+
{White resigns}
0-1

[Event "ICC Open 2015"]
[Site "Internet Chess Club"]
[Date "2015.05.29"]
[Round "3"]
[White "hatorade"]
[Black "golpeador"]
[Result "0-1"]
[ICCResult "White forfeits on time"]
[WhiteElo "1880"]
[BlackElo "2406"]
[Opening "Réti opening"]
[ECO "A11"]
[NIC "RE.06"]
[Time "19:34:44"]
[TimeControl "180+0"]

1. Nf3 d5 2. c4 c6 3. g3 Nf6 4. Bg2 Bf5 5. cxd5 cxd5 6. d4 Nc6 7. Nc3 e6 8.
O-O Bd6 9. Nh4 Bg4 10. h3 Bh5 11. g4 Nd7 12. Nf3 Bg6 13. Bg5 Qb8 14. e3 a6
15. Rc1 h5 16. Nd2 hxg4 17. Qxg4 Nf6 18. Bxf6 gxf6 19. f4 Bf5 20. Qg7 Ke7
21. e4 dxe4 22. Ncxe4 Qg8 23. Qxf6+ Kd7 24. Nxd6 Kxd6 25. Rxc6+ bxc6 26.
Qe5+ Kd7 27. Nc4 Rc8 28. Qd6+ Ke8 29. Qe5 Bxh3 30. Nd6+ Kd7 31. Rf2 f6
{White forfeits on time}
0-1

[Event "ICC Open 2015"]
[Site "Internet Chess Club"]
[Date "2015.05.29"]
[Round "3"]
[White "Darnoc"]
[Black "MaestroASK"]
[Result "0-1"]
[ICCResult "White resigns"]
[WhiteElo "3009"]
[BlackElo "2617"]
[Opening "Queen's Pawn"]
[ECO "A41"]
[NIC "QO.17"]
[Time "19:35:34"]
[TimeControl "180+0"]

1. d4 d6 2. Nf3 g6 3. c4 Bg7 4. e4 e5 5. Nc3 c6 6. Be2 Nd7 7. O-O Qe7 8. d5
c5 9. a3 Bh6 10. b4 Bxc1 11. Qxc1 b6 12. Bd1 Kf8 13. Ba4 Kg7 14. Bc6 Rb8 15.
Nb5 Ndf6 16. Nd2 Nh6 17. Qc3 Nh5 18. f4 f6 19. fxe5 fxe5 20. Rab1 a6 21.
bxc5 bxc5 22. Nxd6 Qxd6 23. Rxb8 Qxb8 24. Nb3 Qd6 25. Nxc5 Qxc5+ 26. Kh1 Qd4
27. Qb4 Nf7 28. Qe7 Rf8 29. Be8 Nf4 30. Re1 Qd2 31. Rg1 Bh3 32. gxh3 Qe2
{White resigns}
0-1

[Event "ICC Open 2015"]
[Site "Internet Chess Club"]
[Date "2015.05.29"]
[Round "3"]
[White "spartan62"]
[Black "HPG1947"]
[Result "1-0"]
[ICCResult "Black forfeits on time"]
[WhiteElo "1301"]
[BlackElo "1752"]
[Opening "Caro-Kann: Bronstein-Larsen variation"]
[ECO "B16"]
[NIC "CK.07"]
[Time "19:34:51"]
[TimeControl "180+0"]

1. e4 c6 2. d4 d5 3. Nc3 dxe4 4. Nxe4 Nf6 5. Nxf6+ gxf6 6. Bf4 Bf5 7. Nf3 e6
8. Bd3 Bxd3 9. Qxd3 Qb6 10. O-O Nd7 11. c4 Qa5 12. b4 Qh5 13. d5 cxd5 14.
cxd5 e5 15. Bg3 Bd6 16. Nd4 Qg6 17. Qb5 Rd8 18. Qxb7 Rb8 19. Qc6 Bxb4 20.
Nb5 O-O 21. Qxd7 Rfd8 22. Qc6 Rd6 23. Nxd6 Bxd6 24. Qxd6 Rf8 25. Rab1 h5 26.
Rb8 Rxb8 27. Qxb8+ Kg7 28. d6 h4 29. d7 hxg3 30. fxg3 Qd3 31. d8=Q Qe3+ 32.
Kh1 {Black forfeits on time} 1-0

[Event "ICC Open 2015"]
[Site "Internet Chess Club"]
[Date "2015.05.29"]
[Round "3"]
[White "ALexiz"]
[Black "RRK"]
[Result "1-0"]
[ICCResult "Black resigns"]
[WhiteElo "1812"]
[BlackElo "2300"]
[Opening "King's Indian: Four pawns attack"]
[ECO "A68"]
[NIC "KI.57"]
[Time "19:35:10"]
[TimeControl "180+0"]

1. d4 Nf6 2. c4 g6 3. Nc3 Bg7 4. e4 d6 5. f4 O-O 6. Nf3 c5 7. d5 e6 8. Be2
exd5 9. cxd5 a6 10. a4 Bg4 11. O-O Nbd7 12. a5 Qc7 13. Kh1 Rfe8 14. h3 Bxf3
15. Bxf3 Rab8 16. Qe2 b5 17. axb6 Rxb6 18. Rxa6 Rxa6 19. Qxa6 c4 20. Nb5 Qd8
21. Nxd6 Rf8 22. e5 Ne8 23. Nxc4 Nc5 24. Qc6 Nd3 25. d6 Qh4 26. Be3 Bh6 27.
Bg4 Ng7 28. Qe4 Nh5 29. Bxh5 gxh5 30. Qxd3 Kh8 31. e6 fxe6 32. Bd4+ Bg7 33.
Bxg7+ Kxg7 34. Qd4+ Kh6 35. Qe5 Rg8 36. Qxe6+ Rg6 37. Qe3 {Black resigns}
1-0

[Event "ICC Open 2015"]
[Site "Internet Chess Club"]
[Date "2015.05.29"]
[Round "3"]
[White "Prof-chess"]
[Black "ncc-1701"]
[Result "1-0"]
[ICCResult "Black checkmated"]
[WhiteElo "2799"]
[BlackElo "2056"]
[Opening "Sicilian: closed"]
[ECO "B23"]
[NIC "SI.44"]
[Time "19:34:59"]
[TimeControl "180+0"]

1. e4 c5 2. Nc3 d6 3. f4 g6 4. Nf3 Bg7 5. Bb5+ Bd7 6. a4 Nc6 7. Bxc6 Bxc6 8.
d3 Nf6 9. O-O O-O 10. Qe1 Rc8 11. Qh4 e6 12. f5 Nd7 13. Bg5 f6 14. fxg6 hxg6
15. Bh6 Qe7 16. Rae1 Bxh6 17. Qxh6 Qg7 18. Qh3 Kf7 19. Ng5+ Ke8 20. Nxe6 Qh8
21. Nxf8 Qxh3 22. gxh3 Kxf8 23. Nd5 Kg7 24. Nf4 Bxa4 25. Ra1 Bxc2 26. Rxa7
g5 27. Rxb7 gxf4 28. Rxd7+ Kg6 29. Rxd6 Kg5 30. Rd5+ Kg6 31. Rxf4 Rb8 32.
Rg4+ Kf7 33. Kf2 Rxb2 34. Ke3 Bd1 35. Rxc5 Bxg4 36. hxg4 Rxh2 37. g5 Rh3+
38. Kd4 fxg5 39. Rxg5 Ke6 40. Rg6+ Kd7 41. Kc4 Rh1 42. Kd5 Ke7 43. e5 Ra1
44. Rg7+ Kf8 45. Rc7 Ke8 46. d4 Kd8 47. Rg7 Ra5+ 48. Ke6 Ra6+ 49. Kf5 Ke8
50. d5 Kf8 51. Rg6 Ra1 52. Ke6 Ra6+ 53. d6 Rb6 54. Rh6 Kg7 55. Rh2 Kf8 56.
Rf2+ Ke8 57. Ra2 Rb8 58. Rh2 Rb7 59. Rh8# {Black checkmated} 1-0

[Event "ICC Open 2015"]
[Site "Internet Chess Club"]
[Date "2015.05.29"]
[Round "3"]
[White "El-Flippo"]
[Black "Colombiano07"]
[Result "0-1"]
[ICCResult "White forfeits on time"]
[WhiteElo "1321"]
[BlackElo "1855"]
[Opening "Sicilian: accelerated fianchetto, modern variation"]
[ECO "B34"]
[NIC "SI.33"]
[Time "19:35:38"]
[TimeControl "180+0"]

1. e4 c5 2. Nf3 Nc6 3. d4 cxd4 4. Nxd4 g6 5. Nc3 Bg7 6. Be3 Nf6 7. Be2 O-O
8. Qd2 d5 9. Nxc6 bxc6 10. e5 Ng4 11. Bxg4 Bxg4 12. Bh6 Bxe5 13. Bxf8 Qxf8
14. Qg5 Bxc3+ 15. bxc3 Bf5 16. O-O Bxc2 17. Rfe1 e6 18. Re3 Re8 19. Rc1 Ba4
20. Rb1 Qe7 21. Qe5 Bb5 22. Rb4 a5 23. Rg4 a4 24. Rh3 Qa3 25. g3 Qc1+ 26.
Kg2 Qf1+ 27. Kf3 Qd1+ 28. Kf4 Qd2+ 29. Qe3 e5+ 30. Kf3 Qd1+
{White forfeits on time}
0-1

[Event "ICC Open 2015"]
[Site "Internet Chess Club"]
[Date "2015.05.29"]
[Round "3"]
[White "Sebs"]
[Black "Discoverchess"]
[Result "1-0"]
[ICCResult "Black resigns"]
[WhiteElo "2971"]
[BlackElo "2465"]
[Opening "QGA: 3.e4"]
[ECO "D20"]
[NIC "QG.04"]
[Time "19:35:52"]
[TimeControl "180+0"]

1. d4 d5 2. c4 dxc4 3. e4 e5 4. Nf3 Bb4+ 5. Nc3 exd4 6. Nxd4 Nf6 7. Qa4+ Qd7
8. Qxb4 Qxd4 9. Be3 Qe5 10. Bxc4 Nc6 11. Bb5 Bd7 12. Bxc6 Bxc6 13. f3 Nd7
14. O-O Qe7 15. Qb3 O-O 16. Ne2 Rfd8 17. Nd4 Ne5 18. Nxc6 bxc6 19. Rad1 Rab8
20. Qc3 Rxd1 21. Rxd1 a6 22. b3 Qe6 23. Bd4 Rd8 24. Rc1 Ng6 25. Bxg7 Nf4 26.
Qe3 Qd6 27. Bc3 Re8 28. e5 Qh6 29. Bd2 {Black resigns} 1-0

[Event "ICC Open 2015"]
[Site "Internet Chess Club"]
[Date "2015.05.29"]
[Round "3"]
[White "chabotheking"]
[Black "WayTooRighteous"]
[Result "1-0"]
[ICCResult "Black checkmated"]
[WhiteElo "2350"]
[BlackElo "1911"]
[Opening "Sicilian: Grand Prix attack"]
[ECO "B23"]
[NIC "SI.44"]
[Time "19:35:54"]
[TimeControl "180+0"]

1. e4 c5 2. Nc3 Nc6 3. f4 g6 4. Nf3 Bg7 5. Bb5 Nd4 6. O-O e6 7. e5 a6 8. Bd3
d6 9. Nxd4 cxd4 10. Ne4 dxe5 11. fxe5 Bxe5 12. b3 f5 13. Nf2 Qd6 14. a4 b6
15. Ba3 Qc7 16. h3 Ne7 17. Re1 Kf7 18. Qe2 Nc6 19. Bc4 d3 20. Nxd3 Bxa1 21.
Bxe6+ Bxe6 22. Qxe6+ Kg7 23. Rxa1 Rhe8 24. Bb2+ Kh6 25. Qf6 Kh5 26. Nf2 Qg3
27. Qxc6 Rac8 28. Qb7 Re2 29. Qxh7+ Kg5 30. Rf1 Rxc2 31. h4+ Qxh4 32. Nh3+
Kg4 33. Qxg6+ Qg5 34. Qxg5# {Black checkmated} 1-0